 Dungeon Crawl Stone Soup version 0.32-a0-35-gd9ff480968 (webtiles) character file.

Game seed: 4449362410692636774

1555882 Gonzollydolly the Phalangite (level 27, 222/222 HPs)
             Began as a Gnoll Necromancer on Jan 14, 2024.
             Was the Champion of Nemelex Xobeh.
             Escaped with the Orb
             ... and 3 runes on Jan 21, 2024!
             The game lasted 09:50:11 (88479 turns).

Gonzollydolly the Phalangite (Gnoll Necromancer)   Turns: 88479, Time: 09:50:11

Health: 222/222    AC: 30    Str:  9    XL:     27
Magic:  44/44      EV: 24    Int: 25    God:    Nemelex Xobeh [******]
Gold:   2256       SH: 26    Dex: 23    Spells: 2/70 levels left

rFire   + + .        W - +9 double sword (freeze)
rCold   + . .        N - +3 kite shield of the Lily {Int+3 Slay+3}
rNeg    . . .        i - +5 ring mail {rC+}
rPois   +            o - +2 helmet {SInv}
rElec   .            S - +1 cloak of Kixig {Will+}
rCorr   .            x - +2 pair of gloves {hurl}
SInv    +            g - +2 pair of boots {Stlth+}
Will    +++..        G - amulet "Nicuh" {Reflect rPois rF+ SH+5}
Stlth   +++          F - ring "Akhe" {AC+4 Dex+5}
HPRegen 0.57/turn    P - ring of protection from fire
MPRegen 0.29/turn

%: reflection
@: studying 6 skills
A: fangs 1, strong nose, distributed training, deformed body, deterioration 1,
low MP 1, devolution 1
0: Orb of Zot
}: 3/15 runes: serpentine, barnacled, silver
a: Renounce Religion, Draw Escape, Draw Destruction, Draw Summoning, Draw Stack,
Triple Draw, Deal Four, Stack Five


You escaped.
You worshipped Nemelex Xobeh.
Nemelex Xobeh was exalted by your worship.
You visited 10 branches of the dungeon, and saw 50 of its levels.
You also visited: Ossuary, Ice Cave and Wizlab.

You collected 10955 gold pieces.
You spent 8699 gold pieces at shops.

Inventory:

Hand Weapons
 r - the +7 captain's cutlass {speed, disarm}
   (You found it on level 3 of the Elven Halls)
 w - a +6 hand cannon of flaming
 W - a +9 double sword of freezing (weapon)
Missiles
 a - 17 silver javelins
 C - 12 curare-tipped darts
 V - 26 boomerangs (quivered)
 Z - 8 throwing nets
Armour
 f - a +2 cloak of preservation
 g - a +2 pair of boots of stealth (worn)
 i - a +5 ring mail of cold resistance (worn)
 o - a +2 helmet of see invisible (worn)
 s - quicksilver dragon scales
 x - a +2 pair of gloves of hurling (worn)
 N - the +3 kite shield of the Lily (worn) {Int+3 Slay+3}
   (You found it on level 8 of the Dungeon)

   Int+3:     It affects your intelligence (+3).
   Slay+3:    It affects your accuracy & damage with ranged weapons and melee
   (+3).
 S - the +1 cloak of Kixig (worn) {Will+}
   (You bought it in a shop on level 3 of the Vaults)

   Will+:     It increases your willpower.
Magical Staves
 y - a staff of death
Jewellery
 j - a ring of wizardry
 v - a ring of willpower
 A - a ring of flight
 E - a ring of protection from cold
 F - the ring "Akhe" (left hand) {AC+4 Dex+5}
   (You bought it in a shop on level 4 of the Snake Pit)

   [ring of protection]

   AC+4:      It affects your AC (+4).
   Dex+5:     It affects your dexterity (+5).
 G - the amulet "Nicuh" (around neck) {Reflect rPois rF+ SH+5}
   (You acquired it on level 3 of the Shoals)

   [amulet of reflection]

   Reflect:   It reflects blocked missile attacks.
   rF+:       It protects you from fire.
   rPois:     It protects you from poison SH+5: It affects your SH (+5).
 H - the ring "Lyexof" {rElec EV+5}
   (You bought it in a shop on level 4 of the Snake Pit)

   [ring of evasion]

   EV+5:      It affects your evasion (+5).
   rElec:     It insulates you from electricity.
 P - a ring of protection from fire (right hand)
 R - a ring of resist corrosion
Wands
 n - a wand of polymorph (18)
 J - a wand of iceblast (23)
 U - a wand of charming (57)
 X - a wand of digging (16)
 Y - a wand of quicksilver (12)
Scrolls
 d - 12 scrolls of blinking
 e - 10 scrolls of fear
 h - a scroll of summoning
 k - 6 scrolls of fog
 u - 32 scrolls of teleportation
 I - 2 scrolls of silence
 M - 7 scrolls of vulnerability
 O - a scroll of revelation
Potions
 b - a potion of magic
 c - 3 potions of resistance
 l - 7 potions of might
 m - 4 potions of ambrosia
 q - 7 potions of enlightenment
 z - 13 potions of curing
 B - 4 potions of invisibility
 D - 3 potions of cancellation
 K - 15 potions of brilliance
 L - 4 potions of haste
 Q - 8 potions of heal wounds
 T - 7 potions of mutation
Miscellaneous
 p - a phantom mirror
 t - a box of beasts


   Skills:
 + Level 19.6 Fighting
 + Level 19.6 Short Blades
 + Level 19.6 Long Blades
 + Level 19.6 Axes
 + Level 19.6 Maces & Flails
 + Level 22.6 Polearms
 + Level 19.6 Staves
 + Level 19.6 Ranged Weapons
 + Level 19.6 Throwing
 + Level 19.6 Armour
 + Level 20.1 Dodging
 + Level 22.5 Stealth
 + Level 22.1 Shields
 + Level 19.6 Unarmed Combat
 + Level 22.4 Spellcasting
 + Level 16.7 Conjurations
 + Level 16.7 Hexes
 + Level 16.7 Summonings
 + Level 18.0 Necromancy
 + Level 16.7 Translocations
 + Level 16.7 Fire Magic
 + Level 16.7 Ice Magic
 + Level 16.7 Air Magic
 + Level 16.7 Earth Magic
 + Level 16.7 Alchemy
 + Level 22.5 Invocations
 + Level 20.9 Evocations
 + Level 18.1 Shapeshifting


You had 2 spell levels left.
You knew the following spells:

 Your Spells              Type           Power      Damage    Failure   Level
a - Irradiate             Conj/Alch      42%        3d25      1%          5
b - Malign Gateway        Summ/Tloc      42%        N/A       3%          7
c - Animate Dead          Necr           87%        N/A       1%          4
d - Blink                 Tloc           100%       N/A       0%          2
e - Dispel Undead         Necr           87%        3d28      1%          4
f - Bombard               Conj/Erth      42%        9d7       1%          6
g - Haunt                 Necr/Summ      43%        N/A       2%          7
h - Lesser Beckoning      Tloc           100%       N/A       0%          2
i - Freezing Cloud        Conj/Ice/Air   42%        6-21      1%          5
j - Borgnjor's Vile Clut  Necr/Erth      43%        N/A       1%          5
k - Passage of Golubria   Tloc           84%        N/A       1%          4
l - Fugue of the Fallen   Necr           87%        N/A       0%          3
m - Death Channel         Necr           43%        N/A       1%          6
n - Manifold Assault      Tloc           84%        N/A       1%          4
o - Vhi's Electric Charg  Tloc/Air       100%       N/A       1%          4

Your spell library contained the following spells:

 Spells                   Type           Power      Damage    Failure   Level
 Apportation              Tloc           100%       N/A       0%          1
 Foxfire                  Conj/Fire      100%       2x1d9     0%          1
 Freeze                   Ice            100%       1d10      0%          1
 Kiss of Death            Conj/Necr      100%       2d13      0%          1
 Magic Dart               Conj           100%       1d8       0%          1
 Necrotise                Necr           100%       1d9       0%          1
 Slow                     Hex            100%       N/A       0%          1
 Sting                    Conj/Alch      100%       1d9       0%          1
 Call Imp                 Summ           100%       N/A       0%          2
 Cigotuvi's Dreadful Rot  Necr/Alch/Air  100%       N/A       0%          2
 Ensorcelled Hibernation  Hex/Ice        100%       N/A       0%          2
 Jinxbite                 Hex            100%       N/A       0%          2
 Mercury Vapours          Alch/Air       100%       N/A       0%          2
 Momentum Strike          Conj/Tloc      100%       3d10      0%          2
 Searing Ray              Conj           100%       2d8       0%          2
 Sublimation of Blood     Necr           87%        N/A       0%          2
 Confusing Touch          Hex            84%        N/A       0%          3
 Frozen Ramparts          Ice            100%       1d16      0%          3
 Gell's Gravitas          Tloc           84%        N/A       0%          3
 Hailstorm                Conj/Ice       84%        3d14      0%          3
 Inner Flame              Hex/Fire       84%        N/A       0%          3
 Mephitic Cloud           Conj/Alch/Air  84%        N/A       0%          3
 Ozocubu's Armour         Ice            84%        N/A       0%          3
 Sigil of Binding         Hex            84%        N/A       0%          3
 Stone Arrow              Conj/Erth      100%       3d13      0%          3
 Summon Ice Beast         Ice/Summ       84%        N/A       0%          3
 Teleport Other           Tloc           84%        N/A       0%          3
 Tukima's Dance           Hex            84%        N/A       0%          3
 Vampiric Draining        Necr           87%        2d12      0%          3
 Volatile Blastmotes      Fire/Tloc      100%       2d18      0%          3
 Anguish                  Hex/Necr       43%        N/A       1%          4
 Animate Armour           Summ/Erth      100%       N/A       1%          4
 Fulminant Prism          Conj/Alch      42%        3d19      1%          4
 Iskenderun's Mystic Bla  Conj/Tloc      84%        2d17      1%          4
 Leda's Liquefaction      Alch/Erth      42%        N/A       1%          4
 Martyr's Knell           Necr/Summ      86%        N/A       1%          4
 Olgreb's Toxic Radiance  Alch           84%        N/A       1%          4
 Petrify                  Alch/Erth      84%        N/A       1%          4
 Summon Blazeheart Golem  Fire/Summ      84%        N/A       1%          4
 Summon Lightning Spire   Summ/Air       84%        N/A       1%          4
 Alistair's Intoxication  Alch           56%        N/A       1%          5
 Arcjolt                  Conj/Air       42%        1d52      1%          5
 Curse of Agony           Necr           87%        N/A       1%          5
 Iskenderun's Battlesphe  Conj           84%        2d13      1%          5
 Lee's Rapid Deconstruct  Erth           42%        3d20*     1%          5
 Metabolic Englaciation   Hex/Ice        42%        N/A       1%          5
 Summon Forest            Summ/Tloc      42%        N/A       1%          5
 Summon Mana Viper        Hex/Summ       84%        N/A       1%          5
 Yara's Violent Unravell  Hex/Alch       42%        3d17      1%          5
 Eringya's Noxious Bog    Alch           42%        4d6       1%          6
 Plasma Beam              Fire/Air       42%        2x1d56    1%          6
 Sculpt Simulacrum        Ice/Alch       42%        N/A       1%          6
 Starburst                Conj/Fire      42%        6d12      1%          6
 Summon Cactus Giant      Summ           42%        N/A       1%          6
 Orb of Destruction       Conj           42%        9d12      3%          7
 Ozocubu's Refrigeration  Ice            42%        4d16      3%          7
 Spellforged Servitor     Conj/Summ      42%        N/A       3%          7
 Summon Hydra             Summ           42%        N/A       3%          7
 Borgnjor's Revivificati  Necr           43%        N/A       14%         8
 Discord                  Hex            42%        N/A       24%         8
 Ignition                 Fire           42%        3d12      24%         8
 Lehudib's Crystal Spear  Conj/Erth      42%        10d10     24%         8
 Summon Horrible Things   Summ           42%        N/A       24%         8
 Death's Door             Necr           43%        N/A       91%         9
 Chain Lightning          Conj/Air       42%        3d56      98%         9
 Fire Storm               Conj/Fire      42%        8d11      98%         9
 Polar Vortex             Ice            42%        12d5*     98%         9
 Shatter                  Erth           42%        3d33*     98%         9


Dungeon Overview and Level Annotations

Branches:
Dungeon (15/15)            Temple (0/1) D:6            Lair (5/5) D:10
 Shoals (4/4) Lair:2        Snake (4/4) Lair:3        Slime (0/5) Lair:4
    Orc (2/2) D:11            Elf (3/3) Orc:2        Vaults (5/5) D:13
  Crypt (3/3) Vaults:3       Tomb (0/3) Crypt:3      Depths (4/4) D:15
    Zot (5/5) Depths:4    Ossuary (visited)           IceCv (visited)
 WizLab (visited)

Altars:
Cheibriados
Elyvilon
Fedhas
Gozag
Kikubaaqudgha
Nemelex Xobeh
Okawaru
Qazlal
Ru
Sif Muna
Trog
Xom
Zin
The Shining One
Jiyva

Shops:
D:1 *   D:14 ?   Orc:2 [!([(   Elf:3 !   Shoals:1 *   Shoals:2 ?   Snake:1 *
Snake:4 =   Vaults:1 (   Vaults:2 =   Vaults:3 [   Depths:1 ::=   Depths:3 *[

Portals:
Hell: Depths:1 Depths:2 Depths:3 Depths:4
Abyss: Depths:3 Depths:4
Pandemonium: Depths:1 Depths:2 Depths:3 Depths:4
Ziggurat: Depths:1

Annotations:
D:5 Sigmund
D:9 exclusion: hornet
Lair:1 Fannar
Lair:4 2 transporters, exclusion: oklob plant, Cesoluadot's ghost, journeyman DsFi
Elf:2 11 runed translucent doors
Elf:3 3 runed translucent doors, Torious's ghost, adept DECj
Zot:2 4 transporters
Zot:5 6 transporters


Innate Abilities, Weirdness & Mutations

You have very sharp teeth.
Your uncanny sense of smell can sniff out nearby items.
Your experience applies equally to all skills.
Armour fits poorly on your strangely shaped body.
Your body sometimes deteriorates upon taking damage.
Your magical capacity is low. (-10% MP)
You have hidden genetic defects.


Message History

Unknown command.
There is a stone staircase leading up here.
You climb upwards.
There is a stone staircase leading down here.
Unknown command.
There is a stone staircase leading up here.
You climb upwards.
There is a stone staircase leading down here.
There is a stone staircase leading up here.
You climb upwards.
Level annotation: Sigmund
There is a stone staircase leading down here.
There is a stone staircase leading up here.
You climb upwards.
There is a stone staircase leading down here.
Your magical contamination has completely faded away.
Aiming: Dig
Press: ? - help, Shift-Dir - straight line A rock wall.
This square is covered in magical glow.
The rock shatters into small pieces.
There is a stone staircase leading up here.
You climb upwards.
There is a stone staircase leading down here.
Aiming: Dig
Press: ? - help, Shift-Dir - straight line A rock wall.
This square is covered in magical glow.
The rock shatters into small pieces.
There is a stone staircase leading up here.
You climb upwards.
There is a stone staircase leading down here.
There is an open door here.
There is a stone staircase leading up here.
You climb upwards.
There is a stone staircase leading down here.
There is an escape hatch in the floor here.
There is an open door here.
There is a staircase leading out of the dungeon here.
You have escaped!

#.##........###'###........####.
#.##....##..#8...8#..##....####.
#..#...####.##.#.##.####...#....
##.#....##..#8.#.8#..##....#.###
#.#........##.#.##........#.#
###.#.########8...8########.#.#
.##.#.#8#8#8#8#...#8#8#8#8#.#.#
....#.#...................#.#.###
.###..'.#####...@...#####.'.....#
..#...#...................#.#....
#.#.#.#8#8#8#8#...#8#8#8#8#.#.#..
#.#.#.########8...8########.#.#.#
#...#........##.#.##........#.#.#
#####....##..#8.#.8#..##....#.#..
#...####.##.#.##.####.....#..
#....##..#8...8#..##.........
#........###'###..........##.


There were no monsters in sight!

Vanquished Creatures
  Tiamat (Zot:4)
  7 dread liches
  3 ancient liches
  3 orbs of fire (Zot:5)
  4 Killer Klowns
  2 curse toes
  Norris (Vaults:2)
  6 golden dragons
  4 bone dragons
  A doom hound (Zot:3)
  2 electric golems
  3 hellephants
  17 tentacled monstrosities
  An Ice Fiend (D:8)
  A titan (Vaults:5)
  13 Orb Guardians
  5 liches
  Asterion (Snake:2)
  8 quicksilver dragons
  An acid blob (Depths:1)
  A deep elf master archer (Elf:3)
  4 sphinxes
  A walking divine tome (Depths:3)
  Polyphemus (Shoals:3)
  11 ancient champions
  3 death cobs
  An Executioner (Zot:5)
  A kraken (Shoals:1)
  Donald (Snake:4)
  8 shadow dragons
  Aizul (Snake:2)
  3 tengu reavers
  11 fire giants
  A nagaraja (Snake:4)
  4 draconian knights
  4 draconian monks
  17 storm dragons
  An iron dragon (Depths:4)
  A rockslime (Depths:1)
  2 protean progenitors
  3 frost giants
  9 vault wardens
  4 revenants
  The ghost of Hih Uni the Severer, a journeyman MiFi of Okawaru (Snake:4)
  3 deep elf sorcerers (Elf:3)
  4 draconian shifters
  2 draconian stormcallers (Zot:2)
  A draconian scorcher (Zot:3)
  3 ghost moths
  A shard shrike simulacrum (Crypt:3)
  4 deep elf elementalists
  3 curse skulls
  A formless jellyfish (Vaults:2)
  11 ironbound preservers
  An orc warlord (Vaults:2)
  4 spectral caustic shrikes (Depths:3)
  A reaper (Depths:1)
  3 ghouls (Crypt:2)
  4 ironbound thunderhulks
  9 very ugly things
  8 draconian annihilators
  7 caustic shrike skeletons (Crypt:3)
  3 vampire knights
  5 stone giants
  2 green draconians
  8 deep elf demonologists
  2 orange crystal statues
  5 red draconians
  10 deep elf death magi
  13 dire elephants
  2 lorocyprocas
  3 spark wasps
  2 bunyips (Zot:3)
  10 deep elf annihilators
  6 yellow draconians
  4 war gargoyles
  7 black draconians
  The ghost of Hihollismua the Fencer, a journeyman MiMo of Okawaru (D:13)
  2 purple draconians
  4 white draconians
  A merfolk javelineer (Shoals:4)
  5 fire dragons
  7 eidola
  6 ettins
  2 jiangshi (Crypt:1)
  8 yaktaur captains
  4 merfolk impalers (Shoals:4)
  20 vault guards
  Josephine (D:15)
  An entropy weaver (Vaults:1)
  6 great orbs of eyes
  4 deep elf high priests
  A salamander tyrant (Snake:2)
  4 hydras
  A caustic shrike simulacrum (Crypt:3)
  4 spriggan air magi
  A hell beast (Depths:1)
  4 ice dragons
  A spriggan skeleton (Crypt:3)
  A juggernaut simulacrum (Crypt:3)
  A jorogumo (Zot:4)
  A sphinx zombie (Crypt:3)
  2 ogre magi
  5 merfolk avatars
  3 fenstrider witch skeletons
  2 satyrs
  7 anacondas
  5 two-headed ogres
  11 centaur warriors
  4 ironbound frosthearts
  2 alligator snapping turtles (Shoals:4)
  2 catoblepae
  7 boulder beetles
  9 dancing weapons
  An orc high priest (Elf:3)
  A hell hog (Lair:5)
  A quicksilver ooze zombie (Crypt:1)
  4 tengu warriors
  2 deep troll shamans
  7 naga warriors
  3 deep troll earth magi
  9 naga sharpshooters
  5 death yaks
  3 spriggan berserkers
  3 merfolk aquamancers (Shoals:4)
  12 shock serpents
  A titan zombie (Crypt:3)
  7 hell knights
  4 vampire magi
  2 soul eaters
  An occultist (Depths:2)
  A titan skeleton (Crypt:3)
  7 deep elf knights
  33 skeletal warriors
  3 skysharks (Vaults:2)
  5 shadow wraiths
  A skyshark (shapeshifter) (Depths:3)
  3 iron trolls
  A death drake (Zot:2)
  27 deep trolls
  2 flayed ghosts (Crypt:2)
  11 sea snakes
  A mana viper (shapeshifter) (Vaults:5)
  A golden dragon zombie (Depths:3)
  9 mana vipers
  5 salamander mystics
  2 glowing orange brains
  A quicksilver dragon simulacrum (Crypt:3)
  A lindwurm (Vaults:2)
  2 large abominations (Zot:5)
  12 deep elf archers
  4 arcanists
  8 ironbound convokers
  8 spriggan simulacra
  A bunyip skeleton (Crypt:3)
  7 necromancers
  8 phantasmal warriors
  25 harpies
  7 naga ritualists
  An iron dragon zombie (Crypt:1)
  A goliath frog zombie (Crypt:1)
  A wolf spider zombie (D:14)
  An anaconda skeleton (Crypt:3)
  10 salamanders
  15 deep elf pyromancers
  13 deep elf zephyrmancers
  5 lightning spires (Zot:2)
  6 orc knights
  A shadow dragon skeleton (Crypt:3)
  4 orc sorcerers
  A manticore (shapeshifter) (Vaults:5)
  A wolf spider (D:14)
  24 moths of wrath
  A stone giant zombie (Crypt:2)
  A faun (Shoals:3)
  10 cyclopes
  2 iron dragon skeletons (Crypt:3)
  27 ugly things
  9 manticores
  2 water nymphs
  4 guardian serpents
  A centaur zombie (D:14)
  A merfolk siren (Shoals:4)
  An eye of devastation (Depths:1)
  2 human skeletons
  A torpor snail (shapeshifter) (Depths:3)
  14 vault sentinels
  24 black mambas
  3 kobold blastminers
  A water nymph (shapeshifter) (Vaults:5)
  8 cane toads
  An elephant (Lair:1)
  A rust devil (D:15)
  A titan simulacrum (Crypt:3)
  12 naga magi
  A centaur skeleton (Crypt:2)
  A torpor snail (Vaults:2)
  An unseen horror (D:10)
  A hellion (Depths:4)
  A rime drake (shapeshifter) (Elf:2)
  3 naga skeletons
  41 yaktaurs
  4 kobold demonologists
  3 rime drakes
  4 guardian mummies (Crypt:3)
  3 komodo dragons
  2 anaconda simulacra
  A bunyip simulacrum (Crypt:3)
  2 minotaur skeletons
  A redback zombie (D:14)
  6 ice devils
  An iron giant simulacrum (Crypt:3)
  2 tengu conjurers
  16 freezing wraiths
  8 trolls
  7 polar bears (Lair:5)
  A tarantella (Snake:3)
  A golden dragon simulacrum (Crypt:3)
  A harpy zombie (Crypt:3)
  11 merfolk
  A raiju (shapeshifter) (D:13)
  3 wind drakes
  A shadow dragon simulacrum (Crypt:3)
  A tarantella (shapeshifter) (D:12)
  A culicivora zombie (Crypt:3)
  7 snapping turtles
  2 hornets
  A harpy skeleton (Crypt:2)
  3 alligator simulacra (IceCv)
  A hydra skeleton (Crypt:3)
  An iron dragon simulacrum (Crypt:3)
  6 blink frogs
  A merfolk zombie (Crypt:1)
  A boulder beetle zombie (Crypt:2)
  A meliai zombie (D:14)
  Prince Ribbit (D:6)
  20 wraiths
  3 ettin skeletons (Crypt:3)
  7 water elementals
  2 air elementals (Elf:3)
  10 wyverns
  A satyr skeleton (Crypt:1)
  4 vampires
  A black mamba skeleton (Crypt:1)
  A dire elephant simulacrum (IceCv)
  28 slime creatures
  2 alligator snapping turtle simulacra (Crypt:3)
  5 centaur simulacra
  2 shadows
  A fire elemental (Elf:3)
  33 yaks
  A golden eye (Depths:1)
  4 humans (D:13)
  2 basilisks
  A steam dragon (Lair:5)
  4 redbacks
  2 vampire mosquitoes (D:11)
  A minotaur simulacrum (IceCv)
  3 wargs
  2 harpy simulacra
  3 elf zombies
  2 acid dragons
  A fire bat zombie (Crypt:1)
  39 nagas
  6 hell hounds (Lair:5)
  A merfolk skeleton (Crypt:2)
  A hydra simulacrum (IceCv)
  9 water moccasins
  8 black bears
  A cane toad zombie (Lair:5)
  A dream sheep zombie (Crypt:3)
  22 orc warriors
  A swamp dragon zombie (Crypt:1)
  2 naga zombies (Snake:4)
  2 orc zombies
  A sky beast (Vaults:2)
  15 laughing skulls
  2 ettin simulacra
  18 ogres
  19 wolves
  5 centaurs
  A swamp dragon skeleton (Crypt:3)
  A phantom (D:5)
  A hog skeleton (Crypt:3)
  11 kobold brigands
  A fire crab zombie (Crypt:2)
  5 human zombies
  4 necrophages (Crypt:2)
  9 bullfrogs
  A komodo dragon zombie (Crypt:3)
  4 scorpions
  2 gnoll sergeants
  2 earth elementals
  2 deep troll simulacra (IceCv)
  26 wights
  A burial acolyte (Ossuary)
  6 howler monkeys
  2 electric eels
  3 jellies (D:7)
  2 bombardier beetles
  A black bear zombie (Lair:5)
  12 orc priests
  3 hounds
  4 iguanas
  A basilisk zombie (Crypt:2)
  2 sleepcaps
  An iguana (shapeshifter) (D:15)
  Ijyb (D:3)
  4 hell rats (Lair:5)
  22 orc wizards
  3 boggart zombies (D:14)
  3 kobold zombies (D:13)
  A deep dwarf zombie (Crypt:2)
  2 tengu skeletons
  7 gnolls
  9 adders
  A steam dragon skeleton (Crypt:1)
  3 shadow imps
  4 white imps
  3 ufetubi (D:6)
  A jelly zombie (Crypt:2)
  5 adder skeletons (Ossuary)
  9 dart slugs
  2 ribbon worms
  81 orcs
  4 ball pythons
  8 endoplasms
  4 giant cockroaches
  5 goblins
  2 hobgoblins
  8 quokkas
  A ball python skeleton (Crypt:3)
  7 bats
  2 frilled lizards
  2 hobgoblin skeletons (Ossuary)
  12 kobolds
  A kobold skeleton (Ossuary)
  An orc skeleton (Ossuary)
  4 rats
  A rat skeleton (Crypt:3)
  A spectral hobgoblin (D:2)
  An aspiring flesh (Zot:4)
1740 creatures vanquished.

Vanquished Creatures (collateral kills)
  2 dread liches
  2 orbs of fire (Zot:5)
  Bai Suzhen (Shoals:4)
  Vashnia (Snake:2)
  A curse toe (Zot:2)
  The ghost of Kuligiro the Marksdemonspawn, a veteran DsWn of Gozag (Depths:1)
  4 golden dragons
  Jory (Vaults:5)
  An electric golem (Zot:2)
  Mlioglotl (Shoals:3)
  A deep elf blademaster (Elf:3)
  2 tentacled monstrosities
  A quicksilver dragon (Zot:3)
  12 Orb Guardians (Zot:5)
  3 acid blobs (Depths:1)
  A titan (Vaults:5)
  An ancient champion (Depths:1)
  2 sphinxes
  2 eldritch tentacles
  Frances (Snake:1)
  Agnes (Elf:1)
  3 tengu reavers
  3 storm dragons
  2 protean progenitors (Zot:3)
  A shadow dragon (Zot:2)
  Ilsuiw (Shoals:2)
  5 fire giants
  A draconian shifter (Zot:2)
  3 nagarajas (Snake:4)
  A deep elf sorcerer (Elf:3)
  An iron dragon (Vaults:5)
  3 rockslimes (Depths:1)
  6 vault wardens
  2 draconian annihilators
  2 frost giants
  An orc warlord (Orc:2)
  5 ironbound preservers
  3 draconian stormcallers (Zot:2)
  A balrug (Depths:1)
  Nessos (D:13)
  11 very ugly things
  7 green draconians
  10 stone giants
  2 deep elf death magi (Vaults:5)
  7 dire elephants
  2 red draconians
  4 black draconians
  2 war gargoyles
  4 white draconians
  2 purple draconians
  8 yellow draconians
  5 deep elf annihilators
  A spark wasp (Zot:2)
  Azrael (Orc:2)
  2 merfolk javelineers (Shoals:4)
  2 fire dragons
  A green death (Depths:1)
  2 yaktaur captains
  5 deep elf high priests
  5 ettins
  5 merfolk impalers
  A caustic shrike simulacrum (Depths:3)
  2 merfolk avatars
  2 ice dragons
  10 vault guards
  6 spriggan air magi
  4 centaur warriors
  A catoblepas (Shoals:3)
  An ogre mage (D:15)
  4 boulder beetles
  A merfolk aquamancer (Shoals:4)
  A tengu warrior (Depths:2)
  3 ironbound frosthearts
  2 two-headed ogres (D:15)
  3 deep troll earth magi
  5 anacondas
  A dancing weapon (Elf:1)
  6 death yaks
  6 naga warriors
  A shock serpent (shapeshifter) (Vaults:5)
  2 shock serpents
  Urug (Lair:4)
  2 deep troll shamans
  6 naga sharpshooters
  A spriggan berserker (Depths:1)
  3 hell knights (Depths:1)
  Amaemon (Lair:3)
  3 salamander mystics
  4 iron trolls
  3 deep elf knights
  A skyshark (Vaults:2)
  A naga ritualist (Snake:2)
  4 mana vipers
  2 glowing orange brains
  9 sea snakes
  12 deep trolls
  3 arcanists
  6 deep elf archers
  2 ironbound convokers
  10 harpies
  4 orc knights
  4 necromancers
  3 lindwurms (Vaults:2)
  6 deep elf pyromancers
  6 manticores
  3 salamanders
  5 deep elf zephyrmancers (Elf:1)
  17 ugly things
  2 cyclopes (D:12)
  4 fauns
  A large abomination (Zot:5)
  A wolf spider (D:15)
  7 moths of wrath
  A centaur zombie (D:14)
  7 naga magi
  8 black mambas
  2 merfolk sirens (Shoals:1)
  A fire giant skeleton (Vaults:3)
  10 vault sentinels
  3 elephants
  5 water nymphs
  7 kobold blastminers (Orc:2)
  A guardian serpent (Snake:4)
  An eye of devastation (Depths:1)
  A cane toad (Lair:4)
  An orange demon (Lair:3)
  A torpor snail (Lair:5)
  14 yaktaurs
  A purple draconian zombie (Zot:3)
  2 kobold demonologists (D:13)
  A rime drake (Lair:4)
  3 komodo dragons
  2 freezing wraiths (Vaults:5)
  A human zombie (Vaults:3)
  A yaktaur skeleton (Vaults:3)
  7 merfolk
  2 wind drakes (Shoals:1)
  3 trolls
  4 polar bears
  A wolf spider simulacrum (D:15)
  A human skeleton (Vaults:3)
  3 blink frogs
  9 dream sheep
  4 snapping turtles
  11 slime creatures
  2 shadows
  A wyvern (Lair:5)
  10 water elementals
  A vampire (D:14)
  2 golden eyes (Depths:1)
  A basilisk (D:13)
  10 yaks
  4 fire elementals (Orc:2)
  2 humans (D:13)
  3 wargs
  A redback (shapeshifter) (Vaults:5)
  A vampire mosquito (D:13)
  3 swamp worms (Zot:3)
  17 nagas
  6 hell hounds
  4 water moccasins
  A swamp drake (Zot:3)
  An ice beast (D:6)
  12 orc warriors
  2 ogres (Orc:2)
  6 black bears (Lair:5)
  5 wolves
  2 centaurs
  A kobold brigand (D:13)
  2 bullfrogs (Lair:3)
  2 hounds (D:6)
  8 orc priests
  A jelly (D:8)
  2 orc wizards (Orc:2)
  5 gnolls
  An adder (Snake:4)
  An ufetubus (D:6)
  A dart slug (D:4)
  23 orcs
  2 ball pythons (D:4)
  2 endoplasms
  A hobgoblin (D:4)
  A kobold (D:10)
  A goblin (D:10)
  A spectral weapon (Elf:3)
645 creatures vanquished.

Vanquished Creatures (others)
  7 eldritch tentacles
  A shadow dragon (Zot:3)
  2 Killer Klown zombies
  2 rockslime zombies (Depths:1)
  2 black draconians
  4 acid blob zombies (Depths:1)
  6 very ugly thing zombies
  3 quicksilver dragon zombies
  2 sphinx zombies (Vaults:5)
  7 Orb Guardian zombies (Zot:5)
  A titan zombie (Vaults:5)
  A hellephant zombie (Elf:3)
  7 storm dragon zombies
  A deep elf knight (Elf:3)
  4 golden dragon zombies
  5 anaconda zombies
  5 spriggan zombies
  A spark wasp zombie (Depths:3)
  A bog body (IceCv)
  2 shadow dragon zombies
  4 deep elf zephyrmancers
  A hell hog zombie (Lair:5)
  A death drake (shapeshifter) (Vaults:5)
  An iron dragon zombie (Vaults:5)
  4 stone giant zombies
  11 ugly thing zombies
  4 draconian zombies
  6 fire giant zombies
  3 moths of wrath
  8 centaur zombies
  5 shock serpent zombies
  2 mana viper zombies
  2 alligator snapping turtle zombies (Shoals:4)
  3 dire elephant zombies (Vaults:3)
  A purple draconian zombie (Depths:4)
  4 black draconian zombies
  An unseen horror zombie (D:10)
  A catoblepas zombie (Lair:3)
  5 red draconian zombies
  6 yellow draconian zombies
  2 death yak zombies
  4 green draconian zombies
  4 redback zombies
  3 swamp worm zombies (Zot:3)
  6 sea snake zombies
  A death drake zombie (Vaults:5)
  A merfolk (Shoals:4)
  5 harpy zombies (Shoals:1)
  2 great orb of eyes zombies
  A raiju (Lair:5)
  12 moth of wrath zombies
  A tarantella zombie (D:12)
  A dream sheep (Shoals:4)
  3 ettin zombies
  A fire dragon zombie (Depths:3)
  2 ice dragon zombies
  An air elemental (Zot:2)
  4 slime creature zombies
  4 black mamba zombies
  2 wind drake zombies (Shoals:1)
  2 humans (D:13)
  6 deep troll zombies
  3 merfolk zombies
  5 tengu zombies
  A two-headed ogre zombie (D:15)
  A hell hound (Lair:5)
  A black bear (Lair:5)
  19 elf zombies
  5 manticore zombies
  A dream sheep zombie (Vaults:2)
  A blink frog zombie (Lair:3)
  A snapping turtle zombie (Shoals:4)
  A rime drake zombie (Lair:4)
  A torpor snail zombie (Vaults:2)
  5 salamander zombies
  3 warg zombies
  8 yaktaur zombies
  A komodo dragon zombie (Lair:5)
  6 hell hound zombies
  3 wyvern zombies
  2 water moccasin zombies
  A polar bear zombie (Lair:5)
  2 troll zombies (Orc:2)
  5 yak zombies
  7 wolf zombies
  43 human zombies
  5 black bear zombies
  A scorpion zombie (D:5)
  An orc wizard (Elf:3)
  28 naga zombies
  5 ogre zombies
  8 kobold zombies
  A hound zombie (D:6)
  4 hell rat zombies (Lair:5)
  2 howler monkey zombies
  A steam dragon zombie (Lair:5)
  4 adder zombies
  An iguana zombie (D:6)
  An orc (D:10)
  An endoplasm zombie (Lair:5)
  A frilled lizard zombie (Snake:4)
  A giant cockroach zombie (Snake:4)
  4 gnoll zombies
  61 orc zombies
  2 quokka zombies
  5 snaplasher vines
  2 spectral weapons
470 creatures vanquished.

Grand Total: 2855 creatures vanquished

Notes
Turn   | Place    | Note
-------+----------+-------------------------------------------
     0 | D:1      | Gonzollydolly the Gnoll Necromancer began the quest for the
                  | Orb.
     0 | D:1      | Reached XP level 1. HP: 13/13 MP: 6/6
    90 | D:1      | Found Irugarphame's Assorted Antiques.
   198 | D:1      | Reached XP level 2. HP: 19/19 MP: 3/7
  1209 | D:2      | Found a faded altar of an unknown god.
  1371 | D:2      | Reached skill level 5 in Spellcasting
  1371 | D:2      | Reached XP level 3. HP: 25/25 MP: 5/9
  1668 | D:2      | Reached skill level 1 in Invocations
  1690 | D:2      | Learned a level 3 spell: Vampiric Draining
  1927 | D:3      | Identified the amulet of Izew {Regen+ rCorr}
  1937 | D:3      | Noticed Ijyb
  1955 | D:3      | Killed Ijyb
  1956 | D:3      | Reached skill level 1 in Fighting
  1956 | D:3      | Reached skill level 1 in Short Blades
  1956 | D:3      | Reached skill level 1 in Long Blades
  1956 | D:3      | Reached skill level 1 in Axes
  1956 | D:3      | Reached skill level 1 in Maces & Flails
  1956 | D:3      | Reached skill level 1 in Polearms
  1956 | D:3      | Reached skill level 1 in Staves
  1956 | D:3      | Reached skill level 1 in Ranged Weapons
  1956 | D:3      | Reached skill level 1 in Throwing
  1956 | D:3      | Reached skill level 1 in Armour
  1956 | D:3      | Reached skill level 1 in Shields
  1956 | D:3      | Reached skill level 1 in Unarmed Combat
  1956 | D:3      | Reached skill level 1 in Evocations
  1956 | D:3      | Reached skill level 1 in Shapeshifting
  1956 | D:3      | Reached XP level 4. HP: 24/32 MP: 0/11
  2098 | D:3      | Learned a level 4 spell: Animate Dead
  2129 | D:3      | Identified the +8 war axe of the Chickpea {freeze, rN+ MP+9
                  | Dex+2}
  2798 | D:4      | Identified the +1 robe of Modesty {Rampage ^Drain rF+}
  2831 | D:4      | Reached skill level 1 in Conjurations
  2831 | D:4      | Reached skill level 1 in Hexes
  2831 | D:4      | Reached skill level 1 in Summonings
  2831 | D:4      | Reached skill level 1 in Translocations
  2831 | D:4      | Reached skill level 1 in Fire Magic
  2831 | D:4      | Reached skill level 1 in Ice Magic
  2831 | D:4      | Reached skill level 1 in Air Magic
  2831 | D:4      | Reached skill level 1 in Earth Magic
  2831 | D:4      | Reached skill level 1 in Alchemy
  2901 | D:4      | Reached XP level 5. HP: 37/37 MP: 1/12
  3905 | D:4      | Identified the +8 whip "Grim" {speed, Will++ Int+2}
  4079 | D:4      | Noticed an ogre
  4083 | D:4      | Killed an ogre
  4084 | D:4      | Reached skill level 5 in Dodging
  4084 | D:4      | Reached XP level 6. HP: 44/44 MP: 11/14
  4087 | D:4      | Learned a level 2 spell: Blink
  4147 | D:4      | Found a sparkling altar of Nemelex Xobeh.
  4165 | D:4      | Became a worshipper of Nemelex Xobeh the Trickster
  4264 | D:5      | Entered Level 5 of the Dungeon
  4413 | D:5      | Reached XP level 7. HP: 47/50 MP: 4/15
  4596 | D:5      | Reached skill level 5 in Stealth
  4813 | D:5      | Noticed Sigmund
  4947 | D:5      | Found an iron altar of Okawaru.
  5240 | D:6      | Found a sand-covered staircase.
  5267 | Ossuary  | Entered an ossuary
  5445 | Ossuary  | Reached XP level 8. HP: 40/58 MP: 16/16
  5615 | D:6      | Noticed Prince Ribbit
  5638 | D:6      | Noticed a wyvern
  5643 | D:6      | Killed a wyvern
  5659 | D:6      | Killed Prince Ribbit
  5774 | D:6      | Found a staircase to the Ecumenical Temple.
  5775 | D:6      | Reached * piety under Nemelex Xobeh
  5936 | D:6      | Received a gift from Nemelex Xobeh
  6002 | D:6      | Found a snail-covered altar of Cheibriados.
  6081 | D:6      | Reached XP level 9. HP: 45/65 MP: 18/18
  6287 | D:6      | Found a glowing golden altar of the Shining One.
  6356 | D:6      | Found a bloodstained altar of Trog.
  6893 | D:7      | Found a white marble altar of Elyvilon.
  6946 | D:7      | Reached ** piety under Nemelex Xobeh
  7009 | D:7      | Found a stormy altar of Qazlal.
  7009 | D:7      | Found an ancient bone altar of Kikubaaqudgha.
  7051 | D:7      | Reached skill level 5 in Invocations
  7584 | D:8      | Received a gift from Nemelex Xobeh
  7607 | D:8      | Identified the +3 kite shield of the Lily {Int+3 Slay+3}
  7758 | D:8      | Reached skill level 5 in Fighting
  7758 | D:8      | Reached skill level 5 in Short Blades
  7758 | D:8      | Reached skill level 5 in Long Blades
  7758 | D:8      | Reached skill level 5 in Axes
  7758 | D:8      | Reached skill level 5 in Maces & Flails
  7758 | D:8      | Reached skill level 5 in Polearms
  7758 | D:8      | Reached skill level 5 in Staves
  7758 | D:8      | Reached skill level 5 in Ranged Weapons
  7758 | D:8      | Reached skill level 5 in Throwing
  7758 | D:8      | Reached skill level 5 in Armour
  7758 | D:8      | Reached skill level 5 in Shields
  7758 | D:8      | Reached skill level 5 in Unarmed Combat
  7758 | D:8      | Reached skill level 5 in Evocations
  7758 | D:8      | Reached XP level 10. HP: 74/74 MP: 11/20
  8156 | D:8      | Noticed a two-headed ogre
  8159 | D:8      | Received a gift from Nemelex Xobeh
  8172 | D:8      | Killed a two-headed ogre
  8472 | D:8      | Reached *** piety under Nemelex Xobeh
  8608 | D:8      | Found a shimmering altar of Xom.
  8854 | D:9      | Reached skill level 5 in Shapeshifting
  9359 | D:9      | Received a gift from Nemelex Xobeh
 10380 | D:10     | Entered Level 10 of the Dungeon
 10380 | D:10     | Noticed a kobold demonologist
 10418 | D:9      | Reached skill level 5 in Conjurations
 10418 | D:9      | Reached skill level 5 in Hexes
 10418 | D:9      | Reached skill level 5 in Summonings
 10418 | D:9      | Reached skill level 5 in Translocations
 10418 | D:9      | Reached skill level 5 in Fire Magic
 10418 | D:9      | Reached skill level 5 in Ice Magic
 10418 | D:9      | Reached skill level 5 in Air Magic
 10418 | D:9      | Reached skill level 5 in Earth Magic
 10418 | D:9      | Reached skill level 5 in Alchemy
 10418 | D:9      | Reached XP level 11. HP: 78/81 MP: 17/22
 10500 | D:10     | Identified 2 scrolls of acquirement
 10501 | D:10     | Acquired the Unrestrained Analects
 10503 | D:10     | Acquired a +0 cloak of preservation
 10813 | D:10     | Found a staircase to the Lair.
 10827 | D:10     | Learned a level 4 spell: Dispel Undead
 10973 | D:10     | Reached **** piety under Nemelex Xobeh
 11557 | D:10     | Noticed a two-headed ogre
 11563 | D:10     | Killed a two-headed ogre
 11781 | Lair:1   | Entered Level 1 of the Lair of Beasts
 11795 | Lair:1   | Noticed Fannar
 12104 | Lair:1   | Reached XP level 12. HP: 91/91 MP: 24/24
 12153 | Lair:1   | You fall into a shaft and drop 1 floor!
 12153 | Lair:2   | Noticed a death yak
 12153 | Lair:2   | Received a gift from Nemelex Xobeh
 12161 | Lair:2   | Noticed a death yak
 12162 | Lair:2   | a death yak changed into a water nymph
 12173 | Lair:2   | Noticed a death yak
 12178 | Lair:2   | Noticed a death yak
 12179 | Lair:2   | Killed a death yak
 12179 | Lair:2   | Noticed a death yak
 12192 | Lair:2   | Killed a death yak
 12214 | Lair:2   | Killed a death yak
 12215 | Lair:2   | Killed a death yak
 12500 | Lair:2   | Noticed a boulder beetle
 12520 | Lair:2   | Killed a boulder beetle
 12731 | Lair:2   | Received a gift from Nemelex Xobeh
 12908 | Lair:2   | Noticed a death yak
 12909 | Lair:2   | Found a staircase to the Shoals.
 12910 | Lair:2   | Noticed a death yak
 12920 | Lair:2   | Noticed a death yak
 12920 | Lair:2   | Noticed a death yak
 12922 | Lair:2   | Noticed a death yak
 12923 | Lair:2   | Killed a death yak
 12929 | Lair:2   | Killed a death yak
 12936 | Lair:2   | Killed a death yak
 12940 | Lair:2   | Killed a death yak
 12944 | Lair:2   | Killed a death yak
 13620 | Lair:1   | Reached XP level 13. HP: 98/98 MP: 18/26
 13900 | Lair:1   | Reached skill level 10 in Necromancy
 13904 | Lair:1   | Learned a level 3 spell: Stone Arrow
 14506 | D:1      | Bought a potion of heal wounds for 90 gold pieces
 14506 | D:1      | Bought a scroll labelled CYS XEAHIOBOJ for 18 gold pieces
 14506 | D:1      | Bought a scroll of teleportation for 54 gold pieces
 14506 | D:1      | Bought a tubular marble ring for 90 gold pieces
 14506 | D:1      | Bought a scroll labelled OFUYKE PUUMO for 18 gold pieces
 14507 | D:1      | Bought a potion of brilliance for 72 gold pieces
 14837 | Lair:3   | Upgraded the game from 0.32-a0-12-g7fc57aa741 to
                  | 0.32-a0-17-gb74e046682
 14880 | Lair:3   | Found a staircase to the Snake Pit.
 14933 | Lair:3   | Received a gift from Nemelex Xobeh
 14941 | Lair:3   | Noticed Amaemon
 14948 | Lair:3   | Identified the +4 executioner's axe of Discomfort {holy,
                  | Will+ Int+3}
 14953 | Lair:3   | Killed Amaemon
 15121 | Lair:3   | Reached ***** piety under Nemelex Xobeh
 15164 | Lair:3   | Received a gift from Nemelex Xobeh
 15334 | Lair:3   | Reached skill level 10 in Spellcasting
 15933 | Lair:4   | Received a gift from Nemelex Xobeh
 16072 | Lair:4   | Found a transporter.
 16074 | Lair:4   | Found a transporter.
 16079 | Lair:4   | Found a bloodstained altar of Trog.
 16079 | Lair:4   | Noticed Cesoluadot's ghost (journeyman DsFi)
 16213 | Lair:4   | Noticed Urug
 16215 | Lair:4   | Identified the +4 demon trident of a Million Knives {drain,
                  | rPois Int+3 Dex-3}
 16220 | Lair:4   | Killed Urug
 16288 | Lair:4   | Found a staircase to the Slime Pits.
 16316 | Lair:4   | Received a gift from Nemelex Xobeh
 16484 | Lair:4   | Found a blossoming altar of Fedhas.
 16582 | Lair:4   | Received a gift from Nemelex Xobeh
 16857 | Lair:5   | Entered Level 5 of the Lair of Beasts
 16857 | Lair:5   | Received a gift from Nemelex Xobeh
 16901 | Lair:5   | Reached skill level 10 in Dodging
 16906 | Lair:5   | Found a shimmering altar of Xom.
 17167 | Lair:5   | Reached skill level 10 in Stealth
 17198 | Lair:5   | Reached skill level 10 in Invocations
 17198 | Lair:5   | Reached XP level 14. HP: 45/108 MP: 7/28
 17585 | Lair:5   | Received a gift from Nemelex Xobeh
 17920 | Lair:5   | Received a gift from Nemelex Xobeh
 18012 | Lair:5   | Learned a level 4 spell: Olgreb's Toxic Radiance
 18017 | Lair:5   | Learned a level 4 spell: Animate Armour
 18370 | D:11     | Received a gift from Nemelex Xobeh
 18449 | D:11     | Found a staircase to the Orcish Mines.
 18793 | D:11     | Received a gift from Nemelex Xobeh
 18873 | D:11     | Found a glowing silver altar of Zin.
 19538 | D:12     | Received a gift from Nemelex Xobeh
 19970 | Orc:1    | Entered Level 1 of the Orcish Mines
 20123 | Orc:1    | Reached ****** piety under Nemelex Xobeh
 20218 | Orc:2    | Entered Level 2 of the Orcish Mines
 20218 | Orc:2    | Received a gift from Nemelex Xobeh
 20550 | Orc:2    | Found Lutiuff's Distillery.
 20577 | Orc:2    | Bought a potion of ambrosia for 96 gold pieces
 20650 | Orc:2    | Found Zuwonyth's Antique Weapon Boutique.
 20677 | Orc:2    | Received a gift from Nemelex Xobeh
 20796 | Orc:2    | Found a staircase to the Elven Halls.
 20881 | Orc:2    | Noticed an orc warlord
 20905 | Orc:2    | Killed an orc warlord
 20937 | Orc:2    | Reached skill level 10 in Fighting
 20937 | Orc:2    | Reached skill level 10 in Short Blades
 20937 | Orc:2    | Reached skill level 10 in Long Blades
 20937 | Orc:2    | Reached skill level 10 in Axes
 20937 | Orc:2    | Reached skill level 10 in Maces & Flails
 20937 | Orc:2    | Reached skill level 10 in Polearms
 20937 | Orc:2    | Reached skill level 10 in Staves
 20937 | Orc:2    | Reached skill level 10 in Ranged Weapons
 20937 | Orc:2    | Reached skill level 10 in Throwing
 20937 | Orc:2    | Reached skill level 10 in Armour
 20937 | Orc:2    | Reached skill level 10 in Shields
 20937 | Orc:2    | Reached skill level 10 in Unarmed Combat
 20937 | Orc:2    | Reached skill level 10 in Evocations
 21083 | Orc:2    | Found Jayp's Antique Armour Shoppe.
 21088 | Orc:2    | Found Osaojyn's Antique Weapon Emporium.
 21108 | Orc:2    | Bought a glowing helmet for 180 gold pieces
 21241 | Orc:2    | Noticed Azrael
 21248 | Orc:2    | Killed Azrael
 21303 | Orc:2    | Reached XP level 15. HP: 115/115 MP: 25/30
 21309 | Orc:2    | Found Nidgha's Antique Armour Boutique.
 21643 | Orc:2    | Bought an ichor-stained ring mail for 189 gold pieces
 21643 | Orc:2    | Identified the +1 ring mail "Cuwipp" {Dex+5 Stlth-} (You
                  | bought it in a shop on level 2 of the Orcish Mines)
 21707 | Orc:2    | Bought a glowing orcbow for 208 gold pieces
 21712 | Orc:2    | Bought a runed sling for 144 gold pieces
 21780 | Orc:2    | Learned a level 5 spell: Curse of Agony
 21940 | Orc:1    | Received a gift from Nemelex Xobeh
 22141 | D:13     | Noticed Nessos
 22176 | D:13     | Killed Nessos
 22371 | Orc:2    | Bought a crude short sword for 232 gold pieces
 22371 | Orc:2    | Identified the +6 short sword "Cac Zuow" {flame, Stlth+}
                  | (You bought it in a shop on level 2 of the Orcish Mines)
 22655 | D:13     | Received a gift from Nemelex Xobeh
 23243 | D:13     | Found a runed translucent gate.
 23243 | D:13     | Found a runed translucent gate.
 23243 | D:13     | Found a runed translucent gate.
 23245 | D:13     | Noticed Hihollismua's ghost (journeyman MiMo)
 23358 | D:13     | Received a gift from Nemelex Xobeh
 23397 | D:13     | Found a gate to the Vaults.
 24483 | D:14     | Received a gift from Nemelex Xobeh
 24603 | D:14     | Found a shimmering altar of Xom.
 24858 | D:14     | Found Vajiu's Magic Scroll Shoppe.
 24861 | D:14     | Bought a scroll of acquirement for 624 gold pieces
 24861 | D:14     | Acquired a book of Power
 24915 | D:15     | Entered Level 15 of the Dungeon
 25127 | D:15     | Noticed Josephine
 25142 | D:15     | Killed Josephine
 25149 | D:15     | Reached skill level 10 in Shapeshifting
 25174 | D:15     | Reached XP level 16. HP: 124/124 MP: 10/32
 25891 | D:15     | Received a gift from Nemelex Xobeh
 26177 | D:15     | Found a staircase to the Depths.
 26345 | Shoals:1 | Entered Level 1 of the Shoals
 26509 | Shoals:1 | Found Wudilug's General Store.
 26761 | Shoals:1 | Learned a level 5 spell: Borgnjor's Vile Clutch
 26868 | Shoals:1 | Bought 5 curare-tipped darts for 66 gold pieces
 26897 | Shoals:1 | Received a gift from Nemelex Xobeh
 26981 | Shoals:1 | Noticed a kraken
 26995 | Shoals:1 | Killed a kraken
 27450 | Shoals:1 | Received a gift from Nemelex Xobeh
 27588 | Shoals:1 | Learned a level 5 spell: Summon Forest
 27605 | Shoals:2 | Found Xigoggua's Magic Scroll Shoppe.
 27619 | Shoals:2 | Noticed Ilsuiw
 27632 | Shoals:2 | Killed Ilsuiw
 27661 | Shoals:2 | Found a glacial archway.
 27702 | IceCv    | Entered an ice cave
 28046 | IceCv    | Reached XP level 17. HP: 133/133 MP: 21/33
 28450 | IceCv    | Noticed an Ice Fiend
 28510 | IceCv    | Received a gift from Nemelex Xobeh
 28518 | IceCv    | Noticed an Ice Fiend
 28879 | Shoals:2 | Received a gift from Nemelex Xobeh
 29033 | Shoals:2 | Reached skill level 10 in Conjurations
 29033 | Shoals:2 | Reached skill level 10 in Hexes
 29033 | Shoals:2 | Reached skill level 10 in Summonings
 29033 | Shoals:2 | Reached skill level 10 in Translocations
 29033 | Shoals:2 | Reached skill level 10 in Fire Magic
 29033 | Shoals:2 | Reached skill level 10 in Ice Magic
 29033 | Shoals:2 | Reached skill level 10 in Air Magic
 29033 | Shoals:2 | Reached skill level 10 in Earth Magic
 29033 | Shoals:2 | Reached skill level 10 in Alchemy
 29183 | Shoals:2 | Received a gift from Nemelex Xobeh
 29285 | Shoals:3 | Noticed Polyphemus
 29310 | Shoals:3 | Killed Polyphemus
 29332 | Shoals:3 | Acquired the amulet "Nicuh" {Reflect rPois rF+ SH+5}
 29699 | Shoals:3 | Received a gift from Nemelex Xobeh
 30016 | Shoals:3 | Noticed Mlioglotl
 30028 | Shoals:3 | Killed Mlioglotl
 30323 | Snake:1  | Entered Level 1 of the Snake Pit
 30327 | Snake:1  | Noticed Frances
 30338 | Snake:1  | Killed Frances
 30370 | Snake:1  | Received a gift from Nemelex Xobeh
 30407 | Snake:1  | Found Seemed's Vocational Training.
 30911 | Snake:1  | Received a gift from Nemelex Xobeh
 31014 | Snake:1  | Found Soem's Mass Market.
 32023 | Snake:2  | Received a gift from Nemelex Xobeh
 32199 | Snake:2  | Noticed Asterion
 32209 | Snake:2  | Noticed Vashnia
 32212 | Snake:2  | Killed Asterion
 32226 | Snake:2  | Killed Vashnia
 32234 | Snake:2  | Reached XP level 18. HP: 141/141 MP: 15/35
 32234 | Snake:2  | Found an opulent altar of Gozag.
 32338 | Snake:2  | Identified the serpent talisman of Ysot {Int+2}
 32338 | Snake:2  | Noticed Aizul
 32347 | Snake:2  | Killed Aizul
 32826 | Snake:2  | Your ally Vashnia died
 33338 | Snake:3  | Received a gift from Nemelex Xobeh
 33690 | Snake:3  | Received a gift from Nemelex Xobeh
 34487 | Snake:3  | Received a gift from Nemelex Xobeh
 34929 | Snake:3  | Learned a level 5 spell: Irradiate
 35031 | Shoals:4 | Entered Level 4 of the Shoals
 35931 | Shoals:4 | Noticed Bai Suzhen
 35949 | Shoals:4 | Killed Bai Suzhen
 35976 | Shoals:4 | Got a barnacled rune of Zot
 36268 | Shoals:4 | Reached XP level 19. HP: 141/149 MP: 33/37
 36529 | Shoals:4 | Received a gift from Nemelex Xobeh
 37197 | Shoals:1 | Bought a scroll of blinking for 82 gold pieces
 37303 | Snake:4  | Entered Level 4 of the Snake Pit
 37749 | D:11     | Learned a level 5 spell: Freezing Cloud
 38091 | Snake:4  | Received a gift from Nemelex Xobeh
 38102 | Snake:4  | Noticed Hih Uni's ghost (journeyman MiFi)
 38104 | Snake:4  | Found a runed translucent door.
 38116 | Snake:4  | Killed Hih Uni's ghost
 38242 | Snake:4  | Received a gift from Nemelex Xobeh
 38557 | Snake:4  | Noticed Donald
 38674 | Snake:4  | Killed Donald
 39145 | Snake:1  | Reached XP level 20. HP: 158/158 MP: 38/38
 39151 | Snake:1  | Upgraded the game from 0.32-a0-17-gb74e046682 to
                  | 0.32-a0-18-g89e19f1974
 39549 | Snake:4  | Got a serpentine rune of Zot
 39595 | Snake:4  | Received a gift from Nemelex Xobeh
 39860 | Snake:4  | Found Tedais's Jewellery Shoppe.
 40640 | D:13     | Killed Hihollismua's ghost
 40898 | Vaults:1 | Entered Level 1 of the Vaults
 41025 | Vaults:1 | Reached skill level 15 in Invocations
 41122 | Vaults:1 | Received a gift from Nemelex Xobeh
 41291 | Vaults:1 | Found Kauj's Antique Weapon Shoppe.
 42070 | Vaults:1 | Reached XP level 21. HP: 149/165 MP: 39/39
 42812 | Snake:4  | Bought the ring "Lyexof" {rElec EV+5} for 900 gold pieces
 42861 | Snake:4  | Received a gift from Nemelex Xobeh
 43554 | Vaults:2 | Found Cahaam's Jewellery Emporium.
 44051 | Vaults:2 | Received a gift from Nemelex Xobeh
 44065 | Vaults:2 | Reached skill level 15 in Spellcasting
 44241 | Vaults:2 | Noticed Norris
 44255 | Vaults:2 | Killed Norris
 44455 | Vaults:2 | Reached skill level 15 in Dodging
 44941 | Vaults:2 | Reached skill level 15 in Stealth
 45166 | Vaults:2 | Received a gift from Nemelex Xobeh
 45574 | Vaults:2 | Upgraded the game from 0.32-a0-18-g89e19f1974 to
                  | 0.32-a0-19-g28bc0835a1
 46272 | Vaults:3 | Received a gift from Nemelex Xobeh
 46351 | Vaults:3 | Learned a level 3 spell: Fugue of the Fallen
 46490 | Vaults:3 | Identified the +10 morningstar of Doom {pain, Dex+5}
 46693 | Vaults:3 | Found Zeppyceg's Armour Shoppe.
 46730 | Vaults:3 | Found a shimmering blue altar of Sif Muna.
 47086 | Vaults:3 | Found a staircase to the Crypt.
 47334 | Vaults:4 | Reached XP level 22. HP: 172/173 MP: 33/41
 48042 | Vaults:4 | Reached skill level 15 in Fighting
 48042 | Vaults:4 | Reached skill level 15 in Short Blades
 48042 | Vaults:4 | Reached skill level 15 in Long Blades
 48042 | Vaults:4 | Reached skill level 15 in Axes
 48042 | Vaults:4 | Reached skill level 15 in Maces & Flails
 48042 | Vaults:4 | Reached skill level 15 in Polearms
 48042 | Vaults:4 | Reached skill level 15 in Staves
 48042 | Vaults:4 | Reached skill level 15 in Ranged Weapons
 48042 | Vaults:4 | Reached skill level 15 in Throwing
 48042 | Vaults:4 | Reached skill level 15 in Armour
 48042 | Vaults:4 | Reached skill level 15 in Shields
 48042 | Vaults:4 | Reached skill level 15 in Unarmed Combat
 48042 | Vaults:4 | Reached skill level 15 in Evocations
 48567 | Vaults:4 | Received a gift from Nemelex Xobeh
 50052 | Elf:1    | Entered Level 1 of the Elven Halls
 50274 | Elf:1    | Noticed Agnes
 50279 | Elf:1    | Killed Agnes
 50382 | Elf:1    | Received a gift from Nemelex Xobeh
 50448 | Elf:1    | Your ally Agnes died
 51496 | Vaults:3 | Bought the +1 cloak of Kixig {Will+} for 375 gold pieces
 51929 | Elf:2    | Received a gift from Nemelex Xobeh
 51973 | Elf:2    | Found a huge runed translucent gate.
 51973 | Elf:2    | Found a huge runed translucent gate.
 51973 | Elf:2    | Found a huge runed translucent gate.
 51979 | Elf:2    | Found a huge runed translucent gate.
 51979 | Elf:2    | Found a huge runed translucent gate.
 52167 | Elf:2    | Identified the +3 ring mail of Unreason {Fly Dex+3}
 52327 | Elf:2    | Found a runed translucent gate.
 52327 | Elf:2    | Found a runed translucent gate.
 52327 | Elf:2    | Found a runed translucent gate.
 52327 | Elf:2    | Found a runed translucent gate.
 52327 | Elf:2    | Found a runed translucent gate.
 52331 | Elf:2    | Found a runed translucent gate.
 52679 | Elf:3    | Entered Level 3 of the Elven Halls
 53385 | Elf:3    | Learned a level 6 spell: Death Channel
 53467 | Elf:3    | Reached XP level 23. HP: 182/182 MP: 26/43
 53529 | Elf:3    | Received a gift from Nemelex Xobeh
 53602 | Elf:3    | Found Sem Qaok's Distillery.
 53609 | Elf:3    | Bought a potion of brilliance for 72 gold pieces
 53609 | Elf:3    | Bought a potion of heal wounds for 90 gold pieces
 53646 | Elf:3    | Paralysed by an air elemental for 1 turns
 53807 | Elf:3    | Found a runed translucent gate.
 53807 | Elf:3    | Found a runed translucent gate.
 53807 | Elf:3    | Found a runed translucent gate.
 53881 | Elf:3    | Received a gift from Nemelex Xobeh
 54299 | Elf:2    | Learned a level 5 spell: Lee's Rapid Deconstruction
 54299 | Elf:2    | Upgraded the game from 0.32-a0-19-g28bc0835a1 to
                  | 0.32-a0-22-g6ae6769602
 55703 | Elf:3    | Identified the +10 dire flail of Pandemonium {holy,
                  | ^Fragile rPois Int+7 Dex-3}
 56006 | Elf:3    | Reached skill level 15 in Necromancy
 56030 | Elf:3    | Identified the +5 mace of Ash {elec, rElec}
 56030 | Elf:3    | Identified the +2 robe of Wouz {Str+3 Dex+3 Slay-2}
 56374 | Elf:3    | Identified the +0 scale mail of the Northern Lights {Regen+
                  | Str+2 Dex-3}
 56392 | Elf:3    | Identified the +0 ring mail "Jecluript" {^Contam +Inv rC-
                  | Str+6 SInv}
 56405 | Elf:3    | Identified the +3 ring mail "Meott" {rPois}
 56419 | Elf:3    | Identified the +0 plate armour "Ezalip" {rPois rN++ Dex-2}
 57611 | Crypt:1  | Entered Level 1 of the Crypt
 58119 | Crypt:1  | Received a gift from Nemelex Xobeh
 59044 | Crypt:1  | Upgraded the game from 0.32-a0-22-g6ae6769602 to
                  | 0.32-a0-30-gefbe487952
 59617 | Crypt:2  | Received a gift from Nemelex Xobeh
 60453 | Crypt:3  | Entered Level 3 of the Crypt
 61028 | Crypt:3  | Received a gift from Nemelex Xobeh
 61311 | Crypt:3  | Reached XP level 24. HP: 146/191 MP: 39/43
 61340 | Crypt:3  | Reached skill level 15 in Shapeshifting
 61636 | Crypt:3  | Found a staircase to the Tomb.
 61645 | Crypt:3  | Paralysed by a sphinx for 4 turns
 61826 | Crypt:3  | Identified the +2 war axe of the Seeker {distort, Dex+3}
 62114 | Crypt:3  | Received a gift from Nemelex Xobeh
 62188 | Crypt:3  | Noticed a dread lich
 62202 | Crypt:3  | Killed a dread lich
 62293 | Crypt:3  | Identified the +2 scale mail "Podarhua" {rN+ rCorr Stlth+}
 62297 | Crypt:3  | Identified the ring "Maetsur" {Fire Str+2 Dex+2}
 63859 | Depths:1 | Entered Level 1 of the Depths
 63877 | Depths:1 | Found a runed translucent gate.
 63877 | Depths:1 | Found a runed translucent gate.
 63877 | Depths:1 | Found a viscous altar of Jiyva.
 63877 | Depths:1 | Found a runed translucent gate.
 63877 | Depths:1 | Noticed Kuligiro's ghost (veteran DsWn)
 63896 | Depths:1 | Killed Kuligiro's ghost
 64255 | Depths:1 | Found a one-way gateway to a ziggurat.
 64467 | Depths:1 | Received a gift from Nemelex Xobeh
 64480 | Depths:1 | Found a gateway to Hell.
 64881 | Depths:1 | Found Atwo's Jewellery Shoppe.
 64881 | Depths:1 | Found Lumitrodwu's Book Boutique.
 64882 | Depths:1 | Found Laulil's Book Boutique.
 64910 | Depths:1 | Found a one-way gate leading to the halls of Pandemonium.
 65068 | Depths:1 | Received a gift from Nemelex Xobeh
 65484 | Depths:2 | Received a gift from Nemelex Xobeh
 65520 | Depths:2 | Found a magical portal.
 65532 | WizLab   | Entered Wucad Mu's Monastery
 65651 | WizLab   | Found the crystal ball of Wucad Mu {*channel}
 65693 | WizLab   | Reached XP level 25. HP: 146/200 MP: 40/44
 66048 | D:11     | Learned a level 6 spell: Bombard
 66056 | D:11     | Learned a level 6 spell: Summon Cactus Giant
 66106 | D:14     | Bought a scroll of amnesia for 48 gold pieces
 66106 | D:14     | Bought 2 scrolls of identify for 48 gold pieces
 66275 | Depths:2 | Reached XP level 26. HP: 133/208 MP: 20/44
 66533 | Depths:2 | Received a gift from Nemelex Xobeh
 66953 | Depths:2 | Received a gift from Nemelex Xobeh
 67436 | Snake:4  | Bought the ring "Akhe" {AC+4 Dex+5} for 963 gold pieces
 68226 | Depths:3 | Found Rocot's General Store.
 68228 | Depths:3 | Found Soph's Armour Shop.
 68750 | Depths:3 | Received a gift from Nemelex Xobeh
 69352 | Depths:3 | Found a one-way gate to the infinite horrors of the Abyss.
 69367 | Depths:4 | Entered Level 4 of the Depths
 69414 | Depths:4 | Received a gift from Nemelex Xobeh
 69787 | Depths:4 | Found a gate to the Realm of Zot.
 70386 | Depths:4 | Found a sacrificial altar of Ru.
 70450 | Depths:4 | Upgraded the game from 0.32-a0-30-gefbe487952 to
                  | 0.32-a0-32-g978bd804de
 71079 | Vaults:5 | Entered Level 5 of the Vaults
 71128 | Vaults:5 | Noticed a dread lich
 71130 | Vaults:5 | Reached skill level 15 in Conjurations
 71130 | Vaults:5 | Reached skill level 15 in Hexes
 71130 | Vaults:5 | Reached skill level 15 in Summonings
 71130 | Vaults:5 | Reached skill level 15 in Translocations
 71130 | Vaults:5 | Reached skill level 15 in Fire Magic
 71130 | Vaults:5 | Reached skill level 15 in Ice Magic
 71130 | Vaults:5 | Reached skill level 15 in Air Magic
 71130 | Vaults:5 | Reached skill level 15 in Earth Magic
 71130 | Vaults:5 | Reached skill level 15 in Alchemy
 71142 | Vaults:5 | Killed a dread lich
 71409 | Vaults:5 | Reached XP level 27. HP: 203/216 MP: 46/46
 71427 | Vaults:5 | Received a gift from Nemelex Xobeh
 71459 | Vaults:5 | Got a silver rune of Zot
 71544 | Vaults:5 | Noticed an ancient lich
 71550 | Vaults:5 | Killed an ancient lich
 72180 | Vaults:5 | Noticed Jory
 72182 | Vaults:5 | Noticed a dread lich
 72192 | Vaults:5 | Noticed a dread lich
 72195 | Vaults:5 | Killed Jory
 72199 | Vaults:5 | Killed a dread lich
 72801 | Vaults:5 | Received a gift from Nemelex Xobeh
 73052 | Vaults:5 | Paralysed by a dread lich for 2 turns
 73055 | Vaults:5 | Killed a dread lich
 73475 | Vaults:5 | Learned a level 7 spell: Haunt
 73836 | Snake:3  | Learned a level 7 spell: Malign Gateway
 74261 | Orc:2    | Bought a potion of enlightenment for 60 gold pieces
 74261 | Orc:2    | Bought a potion of magic for 96 gold pieces
 74261 | Orc:2    | Bought a potion of brilliance for 48 gold pieces
 74261 | Orc:2    | Bought a potion of brilliance for 48 gold pieces
 74662 | Elf:3    | Found a runed translucent gate.
 74662 | Elf:3    | Found a runed translucent gate.
 74665 | Elf:3    | Found a runed translucent gate.
 74672 | Elf:3    | Noticed Torious's ghost (adept DECj)
 75010 | Zot:1    | Entered Level 1 of the Realm of Zot
 75010 | Zot:1    | Received a gift from Nemelex Xobeh
 75395 | Zot:1    | Upgraded the game from 0.32-a0-32-g978bd804de to
                  | 0.32-a0-35-gd9ff480968
 75679 | Snake:1  | Bought a manual of Evocations for 1360 gold pieces
 75679 | Snake:1  | Bought a manual of Invocations for 1360 gold pieces
 76733 | Zot:2    | Found a transporter.
 77084 | Zot:2    | Received a gift from Nemelex Xobeh
 77186 | Zot:2    | Found a transporter.
 77479 | Zot:2    | Found a transporter.
 77843 | Zot:2    | Found a transporter.
 78691 | Zot:2    | Identified the +0 trident "Xomif" {flame, rF+ Will+ Str+2}
 79732 | Depths:1 | Bought Great Wizards, Vol. VII for 600 gold pieces
 79737 | Depths:1 | Learned a level 4 spell: Passage of Golubria
 79741 | Depths:1 | Bought a book of Battle for 468 gold pieces
 79746 | Depths:1 | Learned a level 4 spell: Manifold Assault
 80041 | Vaults:5 | Learned a level 2 spell: Lesser Beckoning
 80608 | Zot:3    | Noticed an ancient lich
 80656 | Zot:3    | Killed an ancient lich
 80826 | Zot:3    | Identified the amulet of the Madman {RegenMP ^Drain Int+6
                  | Slay+2}
 81596 | Zot:3    | Received a gift from Nemelex Xobeh
 81616 | Zot:3    | Identified the +3 buckler of the Devil's Advocate {rCorr
                  | Str+2 Int+3}
 82212 | Zot:3    | Received a gift from Nemelex Xobeh
 82474 | Zot:3    | Learned a level 4 spell: Vhi's Electric Charge
 82626 | Zot:4    | Found the +4 dragonskin cloak
 82626 | Zot:4    | Noticed Tiamat
 82636 | Zot:4    | Identified the -1 trident of Ecwyaz {spect, rF+ Str+3
                  | Dex+4}
 82677 | Zot:4    | Identified the -1 long sword of Exoneration {drain,
                  | ^Fragile rF- Str+8 Dex+5}
 82687 | Zot:4    | Killed Tiamat
 82889 | Zot:4    | Received a gift from Nemelex Xobeh
 84001 | Zot:5    | Entered Level 5 of the Realm of Zot
 84001 | Zot:5    | Found a transporter.
 84033 | Zot:5    | Found a transporter.
 84042 | Zot:5    | Found a transporter.
 84043 | Zot:5    | Found a transporter.
 84111 | Zot:5    | Found a transporter.
 84117 | Zot:5    | Found a transporter.
 84221 | Zot:5    | Received a gift from Nemelex Xobeh
 85006 | Zot:5    | Noticed an ancient lich
 85012 | Zot:5    | Killed an ancient lich
 85343 | Zot:5    | Noticed an orb of fire
 85362 | Zot:5    | Killed an orb of fire
 86269 | Zot:5    | Noticed a dread lich
 86276 | Zot:5    | Killed a dread lich
 86687 | Zot:5    | Noticed an orb of fire
 86689 | Zot:5    | Gained mutation: Your body sometimes deteriorates upon
                  | taking damage. [an orb of fire]
 86695 | Zot:5    | Gained mutation: Armour fits poorly on your strangely
                  | shaped body. [an orb of fire]
 86699 | Zot:5    | Killed an orb of fire
 86933 | Zot:5    | Noticed an orb of fire
 86933 | Zot:5    | Noticed an orb of fire
 86933 | Zot:5    | Noticed a dread lich
 86945 | Zot:5    | Killed an orb of fire
 86948 | Zot:5    | Killed an orb of fire
 86955 | Zot:5    | Killed a dread lich
 86986 | Zot:5    | Noticed a dread lich
 86995 | Zot:5    | Killed a dread lich
 87102 | Zot:5    | Noticed an orb of fire
 87103 | Zot:5    | Gained mutation: You have hidden genetic defects. [an orb
                  | of fire]
 87696 | Zot:5    | Noticed an orb of fire
 87706 | Zot:5    | Killed an orb of fire
 87706 | Zot:5    | Noticed a dread lich
 87713 | Zot:5    | Killed a dread lich
 87757 | Zot:5    | Noticed a dread lich
 87766 | Zot:5    | Killed a dread lich
 87822 | Zot:5    | Got the Orb of Zot
 87842 | Zot:5    | Identified the +5 executioner's axe of Disorder {drain,
                  | rN++ Stlth+}
 88061 | Zot:2    | Gained mutation: Your magical capacity is low. (-10% MP)
                  | [hidden defects]
 88141 | Zot:1    | Noticed a seraph
 88479 | D:$      | Escaped with the Orb!

Illustrated notes

Levels and vault maps discovered:
D:1:      heliophobic_arrival_ceremonial_halls, layout_basic, serial_shops,
          nicolae_shop_overgrown_old_shop
D:2:      layout_loops_corners, dreamdust_ecumenical_altar_drowned_temple,
          minmay_misc_feat_enclosed, minmay_split_cup_small
D:3:      layout_loops_ring, amethyst_killhole, uniq_ijyb
D:4:      kennysheep_slugbush, layout_cave_pods, nemelex_dance_club_becter
D:5:      layout_loops_ring, okawaru_metal_pillars_1_2, uniq_sigmund
D:6:      layout_loops_ring, chei_slow_surprise, lightli_temple_of_fire,
          tso_altar, minmay_temple_entry_arrows,
          lightli_ossuary_entry_decrepit_ruins, uniq_prince_ribbit1
D:7:      layout_gridville, gammafunk_temple_overflow_claw
D:8:      layout_basic, lemuel_coloured_pillars_altar, grunt_ministairs_12,
          minmay_misc_feat_room
D:9:      nicolae_whirlpool, layout_layer_cave, chequers_serial_rivers_large_a,
          nicolae_twisty_statue_hallways
D:10:     layout_loops_cross, minmay_lair_entry_grove, enter_bailey_7
D:11:     layout_small_grid, david_orc_5, zin_statuary
D:12:     layout_basic
D:13:     minmay_concentric_multi, layout_cave_pools, ximxim_vaults_locker_room,
          gammafunk_ghost_nasty_kobolds, grunt_ministairs_13, uniq_nessos
D:14:     layout_basic, serial_shops, nicolae_shop_rolled_up, xom_teletrap_fun,
          serial_undead, serial_undead_e, serial_undead_d, serial_undead_e,
          serial_undead_b
D:15:     hangedman_depths_entry_try_elsewhere_first, layout_loops_ring,
          chequers_serial_rivers_micro_a, uniq_josephine
Lair:1:   layout_small_grid, nicolae_lair_grazing_beasts
          [nicolae_sub_lair_graze_edge, nicolae_sub_lair_graze_edge,
          nicolae_sub_lair_graze_edge, nicolae_sub_lair_graze_edge], uniq_fannar
Lair:2:   layout_long_grid, shoals_dummy_entry, serial_bayou_shore_a
Lair:3:   layout_cave_pods, minmay_snake_entry_guardpost_medium, uniq_amaemon
Lair:4:   layout_regular_city, slime_entry_1, gammafunk_ghost_wrathful_warriors,
          tgw_fedhas, grunt_megastairs_4, uniq_urug
Lair:5:   hangedman_lair_caniforms_friends, layout_long_grid, basic_altar,
          st_stairs_8, grunt_megastairs_2
Shoals:1: layout_shoals, serial_shops, nicolae_shop_hallway_stairs,
          hangedman_shoals_cup_caves
Shoals:2: layout_shoals, portal_ice_cave_entry_ugly_swarm, serial_shops,
          shop_statue, uniq_ilsuiw
Shoals:3: layout_shoals, uniq_polyphemus, uniq_mlioglotl
Shoals:4: shoals_end_hangedman, layout_shoals,
          nicolae_shoals_siren_and_animal_friends, uniq_bai_suzhen
Snake:1:  layout_honeycomb, minmay_shop_mass, grunt_ministairs_15,
          nicolae_shop_vocational, uniq_frances
Snake:2:  layout_rooms, basic_altar, abandoned_shop, uniq_aizul, uniq_asterion,
          uniq_vashnia
Snake:3:  layout_onion_interference, serial_bayou_lagoon_a
Snake:4:  johnstein_snake_rune_scales, layout_chambers, serial_shops, shop,
          hellmonk_ghost_happy_afterlife, uniq_donald
Orc:1:    layout_caves
Orc:2:    grunt_orc_community_town_hall, layout_caves,
          grunt_orc_community_big_house_1, grunt_orc_community_big_house_1,
          grunt_orc_community_house_2, grunt_orc_community_house_1,
          grunt_orc_community_house_1, grunt_orc_community_house_2,
          grunt_orc_community_house_3, grunt_orc_community_house_2,
          serial_shops, nicolae_shop_dealshenge, uniq_azrael
Elf:1:    layout_loops_corners, nicolae_elf_blasts_and_bolts, uniq_agnes
Elf:2:    elven_hall_of_blades_hangedman_alternative [mumra_blade_entry_dagger],
          layout_loops_cross, orc_legates, uniq_louise
Elf:3:    minmay_elf_hall_x, layout_geoelf_diagonals, serial_shops,
          nicolae_shop_tiny_glass, ploomutoo_gammafunk_ghost_potion_laboratory,
          minivault_28
Vaults:1: nicolae_vaults_wine_cellar, hangedman_vaults_stretched_pinwheel,
          nicolae_vaults_storage_closets_2, hangedman_vaults_stream,
          nicolae_vaults_apartment_1, nicolae_vaults_trapezoid_lopsided_1,
          vaults_dpeg_encased_lava, nicolae_vaults_three_branches,
          nicolae_vaults_lightning_bolt, vaults_room_fancy_cross,
          vaults_standard_mumra_enter_the_diamond, nicolae_vaults_apartment_2,
          nicolae_vaults_house_3, nicolae_vaults_gold_heap,
          layout_vaults_omnicross, serial_shops, nicolae_shop_behind_doors
Vaults:2: nicolae_vaults_specimen_jars, st_smaller_cells,
          nicolae_vaults_frosty_reception, v_misc_3, ontoclasm_vaults_gateway,
          v_pattern_2, v_misc_8, vaults_dpeg_emergency_exit,
          ontoclasm_vaults_tryst, nicolae_vaults_layer_cake_slice,
          ontoclasm_vaults_misaligned, nicolae_vaults_trapezoid_2, v_rooms_4,
          vaults_room_door_ring, nicolae_vaults_ninety_degrees,
          nicolae_vaults_little_ls, ontoclasm_vaults_ligature,
          layout_vaults_ring, serial_shops, nicolae_shop_tiny_real_fake_doors,
          uniq_norris
Vaults:3: v_alt_pattern_3, nicolae_vaults_shipping_containers_7,
          grunt_vaults_focal, hangedman_vaults_pinch,
          serial_library_hellmonk_narrow_alcove, nicolae_vaults_tetromino_T_1,
          minmay_crypt_entry_simple_round, nicolae_vaults_surprise_closet,
          nicolae_vaults_little_squares_6, nicolae_vaults_double_plus_1,
          layout_vaults_chaotic_city, serial_shops, shop
Vaults:4: nicolae_vaults_diagonal_hallway_9, nicolae_vaults_tetromino_T_1,
          hangedman_vaults_trim, ontoclasm_vaults_ring_large, kb_rosetta,
          vaults_dpeg_spiral, nicolae_vaults_sesquioval_fish,
          nicolae_vaults_little_squares_1, hangedman_vaults_stretched_pinwheel,
          hangedman_vaults_slither, grunt_vaults_twisty, hangedman_vaults_slice,
          nicolae_vaults_oval_intersection, v_misc_26, nicolae_vaults_two_Ls,
          v_misc_16, nicolae_vaults_double_plus_1, layout_vaults_maze_bifur
Vaults:5: serial_shops, uniq_jory
Crypt:1:  layout_misc_corridors, grunt_megastairs_5, grunt_crypt_arrival_webbed
Crypt:2:  layout_gridlike, roderic_lattice_octagonal_star
Crypt:3:  due_elkab, layout_chaotic_city, tomb_entry_simple_bobbens,
          st_chilly_death
Depths:1: layout_cave_shapes, enter_ziggurat_f, grunt_mini_vestibule,
          roderic_lattice_a, rand_demon_pan_entry_8, gammafunk_ghost_ooze,
          hex_large, lightli_fourway_metalbox, minmay_shop_grove
Depths:2: minmay_angry_zag, layout_cave_pools, pan_entry, mu_enter_wizlab_1,
          nrook_uturn, pf_coc_iceberg
Depths:3: minmay_ambush_box, layout_cave_shapes, pan_entry,
          pf_hell_entry_tar_river, abyss_entry_small_statue_room,
          minmay_shoptagon
Depths:4: grunt_twist_and_shout, layout_cave_shapes,
          pf_vacation_house_of_asmodeus, abyss_entry, pan_entry,
          serial_sigils_hangedman_gut, statue_in_the_mist_lemuel,
          nicolae_ru_great_annihilating_truth
Zot:1:    layout_onion_interference, skrybe_zot_glass_3,
          regret_index_zotdec_twisting_globes
Zot:2:    infiniplex_zot_generator, layout_basic,
          regret_index_zotdec_carving_tricks, nicolae_transporter_intersection
Zot:3:    layout_gridlike, regret_index_zotdec_wing_it, nzn_random_ring
Zot:4:    layout_twisted_circle, uniq_tiamat, uniq_josephina
Zot:5:    layout_twisted_circle, nicolae_lava_and_water, lemuel_baited_zot_trap,
          serial_nicolae_subway, nicolae_sub_station_stone,
          nicolae_sub_station_crystal, nicolae_sub_station_metal

Skill      XL: |  1  2  3  4  5  6  7  8  9 10 11 12 13 14 15 16 17 18 19 20 21 22 23 24 25 26 27 |
---------------+----------------------------------------------------------------------------------+-----
Spellcasting   | 5 6 7 8 9 10 11 12 13 14 15 16 17 19 22 | 22.4
Invocations    | 1 2 3 4 5 6 7 8 10 11 12 13 14 15 16 17 18 19 22 | 22.5
Fighting       | 1 2 3 4 5 6 7 8 9 10 11 12 13 14 15 16 17 19 | 19.6
Short Blades   | 1 2 3 4 5 6 7 8 9 10 11 12 13 14 15 16 17 19 | 19.6
Long Blades    | 1 2 3 4 5 6 7 8 9 10 11 12 13 14 15 16 17 19 | 19.6
Axes           | 1 2 3 4 5 6 7 8 9 10 11 12 13 14 15 16 17 19 | 19.6
Maces & Flails | 1 2 3 4 5 6 7 8 9 10 11 12 13 14 15 16 17 19 | 19.6
Polearms       | 1 2 3 4 5 6 7 8 9 10 11 12 13 14 15 16 18 19 22 | 22.6
Staves         | 1 2 3 4 5 6 7 8 9 10 11 12 13 14 15 16 17 19 | 19.6
Ranged Weapons | 1 2 3 4 5 6 7 8 9 10 11 12 13 14 15 16 17 19 | 19.6
Throwing       | 1 2 3 4 5 6 7 8 9 10 11 12 13 14 15 16 17 19 | 19.6
Armour         | 1 2 3 4 5 6 7 8 9 10 11 12 13 14 15 16 17 19 | 19.6
Shields        | 1 2 3 4 5 6 7 8 9 10 11 12 13 14 15 16 17 18 22 | 22.1
Unarmed Combat | 1 2 3 4 5 6 7 8 9 10 11 12 13 14 15 16 17 19 | 19.6
Evocations     | 1 2 3 4 5 6 7 8 9 10 11 12 13 14 15 16 17 20 | 20.9
Shapeshifting  | 1 2 3 4 5 6 7 8 9 10 11 12 13 14 15 16 18 | 18.1
Conjurations   | 1 2 3 4 5 6 7 8 9 10 11 12 13 14 15 16 | 16.7
Hexes          | 1 2 3 4 5 6 7 8 9 10 11 12 13 14 15 16 | 16.7
Summonings     | 1 2 3 4 5 6 7 8 9 10 11 12 13 14 15 16 | 16.7
Translocations | 1 2 3 4 5 6 7 8 9 10 11 12 13 14 15 16 | 16.7
Fire Magic     | 1 2 3 4 5 6 7 8 9 10 11 12 13 14 15 16 | 16.7
Ice Magic      | 1 2 3 4 5 6 7 8 9 10 11 12 13 14 15 16 | 16.7
Air Magic      | 1 2 3 4 5 6 7 8 9 10 11 12 13 14 15 16 | 16.7
Earth Magic    | 1 2 3 4 5 6 7 8 9 10 11 12 13 14 15 16 | 16.7
Alchemy        | 1 2 3 4 5 6 7 8 9 10 11 12 13 14 15 16 | 16.7
Dodging        | 5 6 7 8 9 10 11 12 13 14 15 16 17 18 20 | 20.1
Stealth        | 5 6 7 8 9 10 11 12 13 14 15 16 17 19 22 | 22.5
Necromancy     | 8 9 10 11 12 13 14 15 16 18 | 18.0

Action                     |  1- 3 |  4- 6 |  7- 9 | 10-12 | 13-15 | 16-18 | 19-21 | 22-24 | 25-27 || total
---------------------------+-------+-------+-------+-------+-------+-------+-------+-------+-------++-------
  Melee: Unarmed           |     5 |       |       |       |       |       |       |       |       ||     5
         Short sword       |    20 |     7 |       |       |    78 |    22 |    43 |     2 |       ||   172
         Bite              |     6 |       |    40 |    90 |   143 |   184 |   132 |   248 |   283 ||  1126
         Whip              |       |    16 |   315 |   600 |   687 |   142 |       |       |       ||  1760
         Punch             |       |       |     4 |    31 |    78 |    28 |       |       |       ||   141
         Trident           |       |       |       |       |    20 |       |       |       |       ||    20
         Demon whip        |       |       |       |       |   124 |       |       |       |       ||   124
         Falchion          |       |       |       |       |    23 |       |       |       |       ||    23
         Scimitar          |       |       |       |       |     5 |       |       |       |       ||     5
         Staff             |       |       |       |       |       |   792 |   649 |   283 |       ||  1724
         Double sword      |       |       |       |       |       |       |    33 |   878 |  1202 ||  2113
         Cutlass           |       |       |       |       |       |       |       |    17 |    52 ||    69
   Fire: Sling             |       |    36 |       |       |       |       |       |       |       ||    36
         Hand cannon       |       |       |       |       |       |       |       |    60 |    30 ||    90
  Throw: Stone             |     5 |    14 |     8 |       |       |       |       |       |       ||    27
         Dart              |       |     1 |     3 |    20 |    28 |     4 |     5 |       |       ||    61
         Boomerang         |       |       |       |    16 |    59 |    73 |       |    61 |    51 ||   260
         Javelin           |       |       |       |       |     1 |     1 |       |       |     6 ||     8
         Throwing net      |       |       |       |       |       |       |     1 |       |       ||     1
   Cast: Necrotise         |    52 |    28 |    12 |    14 |     3 |       |       |       |       ||   109
         Vampiric Draining |     3 |    12 |    13 |    54 |    61 |    38 |    12 |     4 |       ||   197
         Animate Dead      |       |     3 |     9 |    14 |    31 |    23 |    16 |    12 |    34 ||   142
         Blink             |       |       |     1 |     1 |       |     1 |       |       |     3 ||     6
         Dispel Undead     |       |       |       |     2 |    29 |    30 |    20 |   116 |    55 ||   252
         Stone Arrow       |       |       |       |       |    18 |    16 |     6 |    10 |       ||    50
         Olgreb's Toxic Ra |       |       |       |       |    33 |    51 |    22 |    17 |     4 ||   127
         Animate Armour    |       |       |       |       |     6 |     1 |     1 |       |       ||     8
         Curse of Agony    |       |       |       |       |     2 |     1 |       |       |       ||     3
         Borgnjor's Vile C |       |       |       |       |       |    30 |    29 |    52 |    63 ||   174
         Summon Forest     |       |       |       |       |       |     5 |     3 |     5 |       ||    13
         Irradiate         |       |       |       |       |       |     1 |     1 |       |     7 ||     9
         Freezing Cloud    |       |       |       |       |       |       |    18 |    20 |    16 ||    54
         Fugue of the Fall |       |       |       |       |       |       |     1 |    10 |     2 ||    13
         Death Channel     |       |       |       |       |       |       |       |    14 |    52 ||    66
         Lee's Rapid Decon |       |       |       |       |       |       |       |    30 |    16 ||    46
         Summon Cactus Gia |       |       |       |       |       |       |       |       |    11 ||    11
         Bombard           |       |       |       |       |       |       |       |       |    18 ||    18
         Manifold Assault  |       |       |       |       |       |       |       |       |    19 ||    19
         Haunt             |       |       |       |       |       |       |       |       |    13 ||    13
         Malign Gateway    |       |       |       |       |       |       |       |       |     9 ||     9
         Vhi's Electric Ch |       |       |       |       |       |       |       |       |     6 ||     6
         Passage of Golubr |       |       |       |       |       |       |       |       |     5 ||     5
         Lesser Beckoning  |       |       |       |       |       |       |       |       |     1 ||     1
 Invoke: Draw Destruction  |       |       |     1 |    14 |    23 |    17 |    14 |    19 |    11 ||    99
         Draw Summoning    |       |       |       |     4 |    17 |    14 |     5 |     5 |    17 ||    62
         Triple Draw       |       |       |       |     1 |       |     1 |       |       |     4 ||     6
         Deal Four         |       |       |       |       |     1 |     1 |     2 |     2 |     1 ||     7
         Stack Five        |       |       |       |       |     1 |       |       |     1 |       ||     2
         Draw Stack        |       |       |       |       |       |     2 |       |     4 |     2 ||     8
Ability: Evoke Invisibilit |       |       |       |       |       |       |     1 |       |       ||     1
  Evoke: Wand              |       |       |     5 |    13 |    12 |     8 |     4 |     3 |    32 ||    77
         Box of beasts     |       |       |       |       |     2 |     1 |       |       |     1 ||     4
         Phantom mirror    |       |       |       |       |       |     3 |       |       |     1 ||     4
    Use: Scroll            |       |     6 |     9 |    10 |     9 |     6 |     3 |    17 |    21 ||    81
         Potion            |       |       |     1 |       |     3 |     6 |     1 |     5 |    16 ||    32
   Stab: Sleeping          |     1 |     1 |    15 |     2 |    23 |    18 |    27 |    30 |    16 ||   133
         Distracted        |       |       |     1 |     2 |    11 |     6 |     8 |    14 |    48 ||    90
         Petrified         |       |       |       |       |       |     2 |       |       |       ||     2
         Petrifying        |       |       |       |       |       |     1 |       |       |       ||     1
         Invisible         |       |       |       |       |       |       |     1 |       |     1 ||     2
         Held in net/web   |       |       |       |       |       |       |     2 |       |       ||     2
 Armour: Robe              |    19 |    16 |   119 |    11 |       |       |       |       |       ||   165
         Ring mail         |       |       |       |   195 |   445 |   412 |   212 |   333 |   614 ||  2211
  Dodge: Dodged            |    18 |    21 |   159 |   320 |   666 |   546 |   303 |   500 |   701 ||  3234
  Block: Buckler           |       |       |       |       |       |   288 |    44 |       |       ||   332
         Reflection        |       |       |       |       |       |    28 |    52 |    53 |    21 ||   154
         Kite shield       |       |       |       |       |       |       |   611 |  1115 |  1254 ||  2980

Table legend: (Time is in decaauts)
 A = Elapsed time spent in this place.
 B = Non-inter-level travel time spent in this place.
 C = Inter-level travel time spent in this place.
 D = Time resting spent in this place.
 E = Time spent auto-exploring this place.
 F = Levels seen in this place.
 G = Mean time per level.
                   A        B        C        D        E       F      G
               +--------+--------+--------+--------+--------+-----+--------+
         Total |  86653 |  72941 |  13712 |  19209 |  33288 |  53 | 1635.0 |
       Dungeon |  20311 |  16378 |   3933 |   2440 |  10173 |  15 | 1354.1 |
          Lair |   7267 |   5523 |   1744 |    571 |   3730 |   5 | 1453.4 |
        Shoals |   5332 |   4801 |    531 |   1149 |   1787 |   4 | 1333.0 |
     Snake Pit |   8654 |   6935 |   1719 |   2075 |   3148 |   4 | 2163.5 |
  Orcish Mines |   2826 |   1793 |   1033 |    295 |    667 |   2 | 1413.0 |
   Elven Halls |   5623 |   4641 |    982 |   1374 |   1945 |   3 | 1874.3 |
        Vaults |  11174 |   9120 |   2054 |   2305 |   4238 |   5 | 2234.8 |
         Crypt |   6077 |   5683 |    394 |   1902 |   1945 |   3 | 2025.7 |
        Depths |   6319 |   5386 |    933 |   1373 |   2706 |   4 | 1579.8 |
           Zot |  11500 |  11115 |    385 |   5240 |   2588 |   5 | 2300.0 |
       Ossuary |    330 |    330 |      0 |     27 |    150 |   1 |  330.0 |
      Ice Cave |    852 |    852 |      0 |    457 |      0 |   1 |  852.0 |
        Wizlab |    384 |    384 |      0 |      0 |    210 |   1 |  384.0 |
               +--------+--------+--------+--------+--------+-----+--------+

Top non-repeatable levels by time:
   Zot:5: 3805 daAuts
 Crypt:3: 3044 daAuts
 Snake:3: 2877 daAuts
Vaults:2: 2821 daAuts
   Zot:2: 2579 daAuts
 Snake:4: 2557 daAuts
   Zot:3: 2517 daAuts
Vaults:5: 2397 daAuts
    D:13: 2305 daAuts
   Orc:2: 2285 daAuts
Vaults:3: 2256 daAuts
   Elf:3: 2247 daAuts
 Snake:1: 2032 daAuts
Depths:1: 1986 daAuts
Shoals:4: 1956 daAuts
